 Dungeon Crawl Stone Soup version 0.29-a0-872-g797fff5ad1 (webtiles) character file.

Game seed: 16190884436117518586

56 flotson the Sneak (level 3, -7/29 HPs)
             Began as a Demonspawn Delver on July 19, 2022.
             Blown up by Ijyb (17 damage)
             ... with a mindburst bolt
             ... on level 3 of the Dungeon.
             The game lasted 00:03:16 (2224 turns).

flotson the Sneak (Demonspawn Delver)               Turns: 2224, Time: 00:03:16

Health: -7/29      AC:  8    Str: 14    XL:     3   Next: 71%
Magic:  3/3        EV:  9    Int: 11    God:
Gold:   43         SH:  0    Dex: 14    Spells: 2/2 levels left

rFire   . . .      SeeInvis .   a - +0 spear
rCold   . . .      Faith    .   (no shield)
rNeg    . . .      Spirit   .   j - +0 scale mail
rPois   .          Reflect  .   (no helmet)
rElec   .          Harm     .   (no cloak)
rCorr   .          Rampage  .   (no gloves)
Will    .....                   (no boots)
Stlth   +.........              (no amulet)
HPRegen 0.09/turn               (no ring)
MPRegen 0.08/turn               (no ring)

@: no status effects
A: slimy green scales 1, demonic magic 1
a: no special abilities


You were on level 3 of the Dungeon.
You visited 1 branch of the dungeon, and saw 5 of its levels.

You collected 43 gold pieces.

Inventory:

Hand Weapons
 a - a +0 spear (weapon)
Missiles
 i - 20 stones (quivered)
Armour
 j - a +0 scale mail (worn)
Wands
 g - a wand of digging (3)
Scrolls
 c - a scroll of fog
 d - a scroll of magic mapping
 e - a scroll of amnesia {unknown}
 m - a scroll of immolation {unknown}
 n - a scroll of teleportation {unknown}
 p - a scroll of vulnerability {unknown}
 r - a scroll of blinking {unknown}
 t - a scroll of fear
 u - a scroll of poison {unknown}
 v - a scroll of summoning {unknown}
Potions
 b - a potion of degeneration {unknown}
 f - a potion of haste
 h - a potion of curing {unknown}
 k - a potion of heal wounds {unknown}
 l - a potion of berserk rage {unknown}
 o - a potion of lignification {unknown}
 q - a potion of mutation {unknown}
 s - 2 potions of brilliance {unknown}
 w - a potion of cancellation {unknown}


   Skills:
 + Level 3.3 Fighting
 + Level 1.0(1.5) Axes
 - Level 1.7(1.9) Polearms
 + Level 1.0 Throwing
 + Level 1.0 Armour
 + Level 2.2 Dodging
 - Level 4.5 Stealth
 + Level 1.0 Evocations


You had 2 spell levels left.
You didn't know any spells.
Your spell library contained the following spells:

 Spells                   Type           Power      Damage    Failure   Level
 Inner Flame              Hex/Fire       0%         N/A       99%         3
 Cause Fear               Hex            0%         N/A       100%        4
 Metabolic Englaciation   Hex/Ice        0%         N/A       100%        5


Dungeon Overview and Level Annotations

Branches:
Dungeon (5/15)
 Temple: D:4-7

Altars:

Annotations:
D:3 Ijyb


Innate Abilities, Weirdness & Mutations

You are partially covered in slimy green scales. (AC +2)
Spells you cast may paralyse adjacent enemies.


Message History

The kobold hits you with a +0 club.
You closely miss the kobold.
The kobold is heavily wounded.
The kobold hits you with a +0 club.
You hit the kobold.
You kill the kobold!
No target in view!
No target in view!
No target in view!
No target in view!
No target in view!
i - 20 stones (gained 3)
You see here a +0 club.
HP restored.
Ijyb the Twisted Goblin comes into view.
She is wielding a +0 dagger and carrying a wand of mindburst (12).
You reach to attack!
The helpless Ijyb fails to defend herself.
You hit Ijyb but do no damage.
Ijyb screams, "Level is mine!
All mine!"
Ijyb zaps a wand.
Your mind is blasted!
You reach to attack!
You hit Ijyb but do no damage. You hit Ijyb but do no damage.
Ijyb hits you but does no damage.
You hit Ijyb but do no damage. Ijyb hits you but does no damage.
You hit Ijyb.
Ijyb is lightly wounded.
Ijyb hits you with a +0 dagger.
You barely miss Ijyb.
Ijyb is lightly wounded.
Ijyb zaps a wand.
Your mind is blasted!
You are too injured to fight recklessly!
You are too injured to fight recklessly!
You are too injured to fight recklessly!
You are too injured to fight recklessly!
You are too injured to fight recklessly!
You are too injured to fight recklessly!
You hit Ijyb.
Ijyb is moderately wounded.
Ijyb zaps a wand.
Your mind is blasted!
Ouch! That really hurt!
You die...

#.####...#
#.....)..#
######...#
##..# #..# #..#
#..# #..# #@.#
#..g..?....#
.....##.#####.#
.### #.. ###
#..? #.# #.$#
##.# .... ....
#. #..# #
#.##..# #..##.#
#..#


You could see Ijyb.

Vanquished Creatures
  An adder (D:2)
  A dart slug (D:1)
  3 bats
  3 endoplasms
  4 goblins
  2 hobgoblins (D:2)
  7 jackals
  3 quokkas (D:2)
  6 ball pythons
  A frilled lizard (D:1)
  2 kobolds
  4 rats
  A spectral goblin (D:1)
38 creatures vanquished.

Notes
Turn   | Place    | Note
-------+----------+-------------------------------------------
     0 | D:5      | flotson the Demonspawn Delver began the quest for the Orb.
     0 | D:5      | Reached XP level 1. HP: 18/18 MP: 1/1
    26 | D:5      | Noticed an ice beast
   119 | D:4      | Noticed an iguana
   144 | D:3      | Noticed a black bear
   285 | D:2      | Got Pom Gesu's Volume of Bewitchment
   307 | D:2      | Gained mutation: Spells you cast may paralyse adjacent
                  | enemies. [demonic ancestry]
   307 | D:2      | Reached XP level 2. HP: 21/24 MP: 2/2
   678 | D:1      | Found a faded altar of an unknown god.
  1277 | D:1      | Gained mutation: You are partially covered in slimy green
                  | scales. (AC +2) [demonic ancestry]
  1277 | D:1      | Reached XP level 3. HP: 28/29 MP: 3/3
  1869 | D:2      | Reached skill level 1 in Throwing
  1871 | D:2      | Reached skill level 1 in Armour
  1913 | D:2      | Reached skill level 1 in Axes
  1928 | D:2      | Reached skill level 1 in Evocations
  2216 | D:3      | Noticed Ijyb
  2224 | D:3      | Blown up by Ijyb

Illustrated notes

Levels and vault maps discovered:
D:1:      evilmike_arrival_rings, layout_basic,
          dreamdust_ecumenical_altar_drowned_temple
D:2:      layout_rooms
D:3:      minmay_evil_eye, layout_loops_ring, uniq_jessica, uniq_ijyb
D:4:      layout_loops_ring, minmay_increasing_density
D:5:      minmay_clustersquares, layout_loops_cross, minmay_temple_entry_mist

Skill      XL: |  1  2  3 |
---------------+----------+-----
Dodging        | 2 |  2.2
Throwing       | 1 |  1.0
Armour         | 1 |  1.0
Axes           | 1 |  1.0
Evocations     | 1 |  1.0
Fighting       | |  3.3
Polearms       | |  1.7
Stealth        | |  4.5

Action                   || total
-------------------------++-------
Melee: Spear             ||   170
       Punch             ||     1
  Use: Scroll            ||     1
 Stab: Sleeping          ||     2
Armor: Leather armour    ||     9
       Scale mail        ||    72
Dodge: Dodged            ||   101

Table legend: (Time is in decaauts)
 A = Elapsed time spent in this place.
 B = Non-inter-level travel time spent in this place.
 C = Inter-level travel time spent in this place.
 D = Time resting spent in this place.
 E = Time spent auto-exploring this place.
 F = Levels seen in this place.
 G = Mean time per level.
                   A        B        C        D        E       F      G
               +--------+--------+--------+--------+--------+-----+--------+
         Total |   2229 |   2153 |     76 |    261 |   1462 |   5 |  445.8 |
       Dungeon |   2229 |   2153 |     76 |    261 |   1462 |   5 |  445.8 |
               +--------+--------+--------+--------+--------+-----+--------+

Top non-repeatable levels by time:
     D:1: 1119 daAuts
     D:2: 790 daAuts
     D:3: 190 daAuts
     D:5: 70 daAuts
     D:4: 60 daAuts
